 Dungeon Crawl Stone Soup version 0.29.1-15-g9cfb28693d (webtiles) character file.

Game seed: 18033086934286112170

291 leafyfresh the Covert (level 6, 0/44 HPs)
             Began as an Octopode Delver on Mar 5, 2023.
             Slain by an orc wizard
             ... wielding a +0 dagger
              (3 damage)
             ... on level 6 of the Dungeon.
             The game lasted 00:01:00 (897 turns).

leafyfresh the Covert (Octopode Delver)              Turns: 897, Time: 00:01:01

Health: 0/44       AC:  1    Str: 11    XL:     6   Next: 32%
Magic:  6/6        EV: 14    Int: 15    God:
Gold:   0          SH:  0    Dex: 13    Spells: 5/5 levels left

rFire   . . .      SeeInvis .   a - +0 short sword
rCold   . . .      Faith    .   (no shield)
rNeg    . . .      Spirit   .   (helmet restricted)
rPois   .          Reflect  .   (no amulet)
rElec   .          Harm     .   (no ring)
rCorr   .          Rampage  .   (no ring)
Will    .....                   (no ring)
Stlth   +++++.....              (no ring)
HPRegen 0.14/turn               (no ring)
MPRegen 0.10/turn               (no ring)
                                (no ring)
                                (no ring)

@: no status effects
A: almost no armour, amphibious, 8 rings, camouflage 1, gelatinous body 1,
(nimble swimmer 1), tentacles
a: no special abilities


You were on level 6 of the Dungeon.
You visited 1 branch of the dungeon, and saw 2 of its levels.

Inventory:

Hand Weapons
 a - a +0 short sword (weapon)
Wands
 f - a wand of digging (3)
Scrolls
 b - a scroll of fog
 c - a scroll of magic mapping
 d - a scroll of fear
 g - a scroll of vulnerability {unknown}
 h - a scroll of enchant armour {unknown}
 k - 2 scrolls of identify {unknown}
 l - a scroll of brand weapon {unknown}
Potions
 e - a potion of haste
 i - a potion of heal wounds {unknown}
 j - a potion of curing {unknown}


   Skills:
 + Level 4.5 Fighting
 - Level 2.6 Short Blades
 + Level 3.8 Dodging
 + Level 8.2 Stealth


You had 5 spell levels left.
You didn't know any spells.
Your spell library contained the following spells:

 Spells                   Type           Power      Damage    Failure   Level
 Summon Small Mammal      Summ           0%         N/A       26%         1
 Call Canine Familiar     Summ           0%         N/A       63%         3
 Summon Guardian Golem    Hex/Summ       0%         N/A       63%         3


Dungeon Overview and Level Annotations

Branches:
Dungeon (6/15)
 Temple: D:4-7

Altars:


Innate Abilities, Weirdness & Mutations

You cannot wear most types of armour.
You are amphibious.
You can wear up to eight rings at the same time.
Your skin changes colour to match your surroundings (Stealth+).
Your rubbery body absorbs attacks. (AC +1, EV +1)
((You are camouflaged when in or above water. (Stealth+)))
You have tentacles for arms and can constrict up to eight enemies at once.


Message History

The hound bites you. The hound attacks as you move away! The hound bites you.
The hound barely misses you. The hound attacks as you move away!
The hound barely misses you. The hound bites you. The hound barely misses you.
There is an escape hatch in the floor here.
The hound closely misses you. x2
You slide downwards.
The hatch slams shut behind you.
The orc wizard shouts!
Found a stone staircase leading down.
The hound barks!
The orc wizard shouts!
You hit the hound. Your grab misses the hound.
The hound is moderately wounded.
The hound barely misses you.
A white imp comes into view.
The orc wizard casts a spell at you. The magic dart hits you!
There are no items here.
There are no items here.
There are no items here.
There are no items here.
There are no items here.
There are no items here.
The hound closely misses you. x2
The orc wizard gestures wildly while chanting.
The orc wizard flickers and vanishes!
Deactivating autopickup; reactivate with Ctrl-A.
The hound misses you. The hound closely misses you. The hound bites you.
The hound misses you. The hound closely misses you. The hound bites you.
* * * LOW HITPOINT WARNING * * *
The hound barely misses you. The hound bites you.
* * * LOW HITPOINT WARNING * * *
The hound barely misses you. The hound bites you.
* * * LOW HITPOINT WARNING * * *
The hound misses you. The hound bites you.
* * * LOW HITPOINT WARNING * * *
The orc wizard hits you with a +0 dagger.
You die...

. #. .## . .
... ...
>..##.#####....
.......o.......
#....h@.o5....
...#...h.o.....
...............
####...........
#...........
#...........
#...........
............


You could see 2 hounds, an orc priest, an orc wizard, a white imp and an orc.

Vanquished Creatures
  A centaur (D:5)
  A scorpion (D:5)
  A necrophage (D:5)
  A hound (D:5)
  An iguana (D:5)
  3 adders (D:5)
  A dart slug (D:5)
  2 orcs (D:5)
11 creatures vanquished.

Notes
Turn   | Place    | Note
-------+----------+-------------------------------------------
     0 | D:5      | leafyfresh the Octopode Delver began the quest for the Orb.
     0 | D:5      | Reached XP level 1. HP: 16/16 MP: 1/1
     5 | D:5      | Noticed a necrophage
    14 | D:5      | Killed a necrophage
    15 | D:5      | Reached skill level 7 in Stealth
    15 | D:5      | Reached XP level 2. HP: 7/21 MP: 2/2
    15 | D:5      | Reached XP level 3. HP: 9/26 MP: 3/3
    15 | D:5      | Reached XP level 4. HP: 11/31 MP: 4/4
   336 | D:5      | Noticed a centaur
   343 | D:5      | Killed a centaur
   344 | D:5      | Reached XP level 5. HP: 25/37 MP: 5/5
   572 | D:5      | Reached skill level 8 in Stealth
   572 | D:5      | Reached XP level 6. HP: 27/44 MP: 6/6
   870 | D:5      | Noticed a komodo dragon
   871 | D:5      | Noticed a wyvern
   897 | D:6      | Slain by an orc wizard

Illustrated notes

Levels and vault maps discovered:
D:5:      layout_loops_corners, mainiacjoe_overflow_cross_hatched,
          minmay_divided_ellipse
D:6:      layout_rooms, minmay_temple_entry_glassed_door

Skill      XL: |  1  2  3  4  5 |
---------------+----------------+-----
Stealth        | 7 8 |  8.2
Fighting       | 4 |  4.5
Dodging        | 3 |  3.8
Short Blades   | |  2.6

Action                   |  1- 3 |  4- 6 || total
-------------------------+-------+-------++-------
Melee: Short sword       |     6 |    23 ||    29
       Tentacles         |     3 |     9 ||    12
       Constrict         |     1 |     7 ||     8
       Punch             |     1 |       ||     1
 Stab: Sleeping          |       |     4 ||     4
Dodge: Dodged            |     3 |    35 ||    38
